Description

So if you scout with obs at 4:15-4:20 and see 1-1-1 with 2 rax being added, you can use this build. As soon as you see a third CC coming down, you can start transitioning. Basically keep making units until you see the third cc. Once you see the third CC you can transition into Colo + gasses + 4th. Take note that if they are going 3-1-1, the earliest they'll get stim is at 6:40, so they won't attack any earlier than that.

Replay - Lightshade LE (8)

Build Order

Get SALT Encoding   

  12  0:00  Probe  
  13  0:12  Probe  
  14  0:17  Pylon  
  14  0:24  Probe  
  15  0:36  Probe (Chrono Boost)  
  15  0:37  Gateway  
  15  0:42  Assimilator  
  16  0:48  Probe (Chrono Boost)  
  17  0:55  Probe (Chrono Boost)  
  18  1:03  Probe  
  19  1:15  Probe  
  20  1:24  Cybernetics Core  
  20  1:27  Probe  
  21  1:36  Nexus  
  21  1:40  Pylon  
  21  1:48  Probe  
  21  1:50  Assimilator  
  22  1:59  Stalker (Chrono Boost)  
  23  2:03  Warp Gate  
  26  2:26  Robotics Facility  
  27  2:36  Stalker  
  32  2:55  Twilight Council  
  35  3:17  Gateway x2  
  36  3:22  Observer (Chrono Boost)  
  39  3:29  Blink (Chrono Boost)  
  39  3:31  Pylon, Assimilator  
  42  3:51  Stalker, Pylon  
  47  4:07  Observer  
  49  4:14  Nexus  
  49  4:21  Stalker x3  
  55  4:30  Observer  
  58  4:45  Forge x2  
  62  5:00  Pylon  
  62  5:09  Charge  
  62  5:10  Protoss Ground Weapons Level 1 (Chrono Boost), Protoss Ground Armor Level 1 (Chrono Boost)  
  62  5:18  Observer  
  66  5:31  Gateway x4  
  68  5:37  Gateway  
  68  5:41  Sentry x2  
  72  5:43  Zealot  
  77  6:03  Shield Battery  
  80  6:05  Zealot x3  
  85  6:28  Zealot x6  
  101  6:50  Stalker x4  
Spawning Tool Build Advisor. Get it on Overwolf

Go to:

Details

  • Created by: kappadar
  • Published on: Mar 14, 2021
  • Modified on: Mar 14, 2021
  • Patch: 4.11.0
  • Difficulty: Easy
Show
View Real Time Build Order
Export as new Build Order

Comments (0)

There are no comments. Be the first!

Create an account to comment!